 Dungeon Crawl Stone Soup version 0.21-a0-630-g344d351 (webtiles) character file.

411124 Gaball the Warrior (level 23, -4/153 HPs)
             Began as a Tengu Fire Elementalist on Dec 26, 2017.
             Was an Elder of Sif Muna.
             Shot with an arrow by a deep elf master archer (21 damage)
             ... on level 2 of the Depths on Dec 27, 2017.
             The game lasted 07:05:20 (86359 turns).

Gaball the Warrior (Tengu Fire Elementalist)       Turns: 86359, Time: 07:05:20

Health: -4/153     AC: 14    Str: 16    XL:     23   Next: 51%
Magic:  18/40      EV: 33    Int: 29    God:    Sif Muna [****..]
Gold:   2453       SH:  6    Dex: 17    Spells: 4/55 levels left

rFire    + . .     SeeInvis +   W - staff of conjuration
rCold    + + .     Gourm    .   n - +1 buckler of the Shrike {rF+ rN+ MR++}
rNeg     + . .     Faith    +   D - +2 robe {Archmagi}
rPois    .         Spirit   .   V - +2 hat {SInv}
rElec    .         Reflect  .   b - +2 cloak
rCorr    .         Harm     .   X - +0 pair of gloves
MR       +++..                  (boots unavailable)
Stlth    ++........             T - amulet of faith
HPRegen  0.35/turn              h - ring of Goff {rC++ EV+3 Str+6 Dex+3}
MPRegen  0.27/turn              H - ring of Refuridd {Int+4 Slay+5}

@: flying quickly and evasively, studying Invocations, quick
A: beak, talons 3, slimy green scales 1, low mp 1, sense surroundings 1, able to
fly 2
}: 2/15 runes: decaying, gossamer
a: Stop Flying, Divine Energy, Channel Magic, Forget Spell, Renounce Religion


You were on level 2 of the Depths.
You worshipped Sif Muna.
Sif Muna was greatly pleased with you.
You were not hungry.

You visited 9 branches of the dungeon, and saw 40 of its levels.
You visited the Abyss 2 times.
You also visited: Ossuary and Bailey.

You collected 4491 gold pieces.
You spent 2038 gold pieces at shops.

Inventory:

Hand Weapons
 s - the +5 fustibalus "Efaz" {speed, rElec Int+3}
   (You bought it in a shop on level 12 of the Dungeon)

   Attacks with this weapon are significantly faster.
   It affects your intelligence (+3).
   It insulates you from electricity.
Missiles
 w - 269 stones (quivered)
Armour
 b - a +2 cloak (worn)
 n - the +1 buckler of the Shrike (worn) {rF+ rN+ MR++}
   (You acquired it on level 2 of the Depths)

   It protects you from fire.
   It protects you from negative energy.
   It affects your resistance to hostile enchantments.
 u - the +2 ring mail of Gallantry {rElec Int+2 Slay-4}
   (You found it on level 1 of the Lair of Beasts)

   It affects your intelligence (+2).
   It affects your accuracy and damage with ranged weapons and melee attacks
   (-4).
   It insulates you from electricity.
 z - a +3 buckler of reflection
 D - a +2 robe of the Archmagi (worn)
 V - a +2 hat of see invisible (worn)
 X - a +0 pair of gloves (worn)
Magical Staves
 W - an uncursed staff of conjuration (weapon)
Jewellery
 f - a +6 ring of evasion
 h - the ring of Goff (left hand) {rC++ EV+3 Str+6 Dex+3}
   (You found it on level 3 of the Elven Halls)

   [ring of evasion]

   It affects your evasion (+3).
   It affects your strength (+6).
   It affects your dexterity (+3).
   It greatly protects you from cold.
 k - an uncursed ring of protection from fire
 t - an uncursed ring of protection from cold
 H - the ring of Refuridd (right hand) {Int+4 Slay+5}
   (You found it on level 4 of the Spider Nest)

   [ring of slaying]

   It affects your intelligence (+4).
   It affects your accuracy and damage with ranged weapons and melee attacks
   (+5).
 T - an amulet of faith (around neck)
Wands
 j - a wand of digging (24)
 m - a wand of enslavement (24)
 M - a wand of acid (25)
 Z - a wand of disintegration (4)
Scrolls
 a - 5 scrolls of enchant armour
 d - 6 scrolls of magic mapping
 e - 17 scrolls of remove curse
 g - 11 scrolls of amnesia
 l - a scroll of vulnerability
 v - a scroll of brand weapon
 y - a scroll of identify
 E - a scroll of summoning
 O - 8 scrolls of fog
 R - 3 scrolls of teleportation
 S - 8 scrolls of enchant weapon
Potions
 i - 2 potions of curing
 o - 6 potions of brilliance
 q - 3 potions of might
 x - 2 potions of agility
 B - 5 potions of mutation
 C - 3 potions of heal wounds
 F - a potion of magic
 G - 9 potions of degeneration
 K - 2 potions of berserk rage
 L - 6 potions of resistance
 N - a potion of cancellation
 Y - 2 potions of invisibility
Books
 p - a book of Enchantments

   Spells                             Type                      Level
   a - Cause Fear                     Hexes                        4
   b - Yara's Violent Unravelling     Hexes/Transmutation          5
   c - Silence                        Hexes/Air                    5
   d - Deflect Missiles               Charms/Air                   6
   e - Discord                        Hexes                        8
 r - a manual of Invocations
 J - a book of Debilitation

   Spells                             Type                      Level
   a - Corona                         Hexes                        1
   b - Slow                           Hexes                        2
   c - Inner Flame                    Hexes/Fire                   3
   d - Portal Projectile              Hexes/Translocation          3
   e - Cause Fear                     Hexes                        4
   f - Leda's Liquefaction            Hexes/Earth                  4
 P - a book of Clouds

   Spells                             Type                      Level
   a - Poisonous Vapours              Poison/Air                   2
   b - Mephitic Cloud                 Conjuration/Poison/Air       3
   c - Conjure Flame                  Conjuration/Fire             3
   d - Freezing Cloud                 Conjuration/Ice/Air          6
   e - Ring of Flames                 Charms/Fire                  7
 Q - a book of Changes

   Spells                             Type                      Level
   a - Beastly Appendage              Transmutation                1
   b - Sticks to Snakes               Transmutation                2
   c - Spider Form                    Transmutation/Poison         3
   d - Ice Form                       Ice/Transmutation            4
   e - Blade Hands                    Transmutation                5
Miscellaneous
 U - a lightning rod (1/4)
Comestibles
 c - 18 rations


   Skills:
 + Level 18.8 Fighting
 - Level 14.0 Slings
 - Level 14.6 Armour
 - Level 15.9 Dodging
 - Level 2.0 Stealth
 - Level 4.0 Shields
 - Level 0.3 Unarmed Combat
 - Level 16.8 Spellcasting
 - Level 12.4 Conjurations
 - Level 4.0 Charms
 - Level 4.0 Summonings
 - Level 12.0 Fire Magic
 - Level 4.2 Air Magic
 - Level 13.4 Invocations


You had 4 spell levels left.
You knew the following spells:

 Your Spells              Type           Power        Failure   Level  Hunger
a - Flame Tongue          Conj/Fire      #####        0%          1    None
b - Conjure Flame         Conj/Fire      ########     1%          3    None
c - Summon Small Mammal   Summ           ####         1%          1    None
d - Sticky Flame          Conj/Fire      ########     1%          4    None
e - Fireball              Conj/Fire      ########..   1%          5    None
f - Dazzling Spray        Conj/Hex       ######       1%          3    None
g - Iskenderun's Mystic   Conj           ########     1%          4    None
h - Ignition              Fire           #######...   65%         8    ######.
i - Mephitic Cloud        Conj/Pois/Air  #######.     1%          3    None
j - Bolt of Fire          Conj/Fire      ########..   1%          6    ###....
k - Iskenderun's Battles  Conj/Chrm      ########     1%          5    None
l - Controlled Blink      Tloc           N/A          100%        8    ######.


Dungeon Overview and Level Annotations

Branches:
Dungeon (15/15)            Temple (1/1) D:5            Lair (6/6) D:8
  Swamp (4/4) Lair:2       Spider (4/4) Lair:3        Slime (0/5) Lair:6
    Orc (2/2) D:9             Elf (3/3) Orc:2        Vaults (2/5) D:13
  Crypt (0/3) Vaults:2     Depths (3/5) D:15

Altars:
Cheibriados
Dithmenos
Elyvilon
Fedhas
Gozag
Hepliaklqana
Kikubaaqudgha
Makhleb
Nemelex Xobeh
Okawaru
Qazlal
Ru
Sif Muna
Trog
Uskayaw
Vehumet
Wu Jian
Xom
Yredelemnul
The Shining One
Beogh
Jiyva

Shops:
D:9 !   D:12 =(?*[   D:14 }   D:15 *}*[   Orc:1 (   Orc:2 **!*   Vaults:1 (
Depths:2 [

Portals:
Hell: Depths:1

Annotations:
D:3 anything's ghost, amateur DgAs
D:4 Dirtsage's ghost, novice HOFi
Swamp:4 Lernaean hydra
Spider:4 Alarkh's ghost, adept GrEE
Depths:2 1 exclusion


Innate Abilities, Weirdness & Mutations

You have a beak for a mouth.
You have claws for feet.
You can fly continuously.
You are partially covered in slimy green scales. (AC +2)
Your magical capacity is low. (-10% MP)
You passively map a small area around you.


Message History

Casting: Bolt of Fire
Confirm with . or Enter, or press ? or * to list all spells.
Aiming: Bolt of Fire
Press: ? - help, Shift-Dir - straight line, f/p - deep elf master archer
Aim: a deep elf master archer, wielding a longbow of flaming and wearing fire dragon scales (heavily wounded)
You feel a strong surge of power!
The bolt of fire hits the deep elf master archer.
The deep elf master archer resists.
The deep elf master archer is severely wounded.
A barrage of energy appears from out of your range of vision.
The barrage of energy hits the deep elf master archer.
The deep elf master archer is severely wounded.
The deep elf master archer shoots an arrow.
The arrow hits you!!
* * * LOW HITPOINT WARNING * * *
The arrow burns you.
* * * LOW HITPOINT WARNING * * *
The deep elf master archer shoots an arrow.
The arrow hits you!!
You die...

##.#.##..(.[..(.
#.#.##....(.(#'
#.#..'.......'.
##########.####...(...#.
###.......##.# #).....(..
#.'.......##.# #.........
#.#.......##.# #...[.####
##.#.......##.# #.....#_>.
#..#......@##.####.|...####
#.##.....e*##...['<>.......
#.##.:.....'..####.).....##
######'##.).....##.#
#.......##
#..>...§.....=.###.#
#####'#### #.....≈≈≈≈≈§≈.##
#.# #.......
#.....§#####≈># #.#
#.###### #.....≈# #≈.# #.#
#.# #.....≈# #§§# #.# #)#


You could see a deep elf master archer and a friendly battlesphere.

Vanquished Creatures
  Mara (Depths:1)
  2 golden dragons (Depths:2)
  Nikola (Elf:3)
  2 liches
  Rupert (D:12)
  A tentacled monstrosity (Swamp:2)
  Asterion (Spider:2)
  2 deep elf blademasters
  A deep elf master archer (Elf:3)
  The ghost of Blackbelt the Severer, an adept FoFi of Gozag (Elf:3)
  A titan (Depths:3)
  3 sphinxes
  5 tengu reavers
  A storm dragon (Depths:3)
  2 thorn hunters
  An Executioner (Abyss:3)
  Gastronok (Lair:3)
  5 fire giants
  4 frost giants
  3 ghost moths
  2 iron dragons (Depths:3)
  6 deep elf sorcerers
  A ghost moth (shapeshifter) (Depths:3)
  9 vault wardens
  3 deep elf elementalists
  8 emperor scorpions
  3 ironheart preservers
  12 stone giants
  22 very ugly things
  2 vampire knights
  The ghost of p0werm0de the Nimble, a journeyman OpEn of Cheibriados (Orc:2)
  2 deep elf demonologists (Elf:3)
  4 entropy weavers
  A lorocyproca (Depths:3)
  Nessos (D:12)
  10 deep elf annihilators
  2 spark wasps
  Snorg (Lair:3)
  3 deep elf death magi (Elf:3)
  4 ettins
  4 fire dragons
  Josephine (D:10)
  4 rakshasas
  Harold (D:12)
  3 deep elf high priests (Elf:3)
  5 yaktaur captains
  Erolcha (D:10)
  10 vault guards
  2 great orbs of eyes
  6 spriggan air magi
  8 ice dragons
  22 hydras
  3 ghost crabs
  A catoblepas (Depths:3)
  A death knight (Vaults:2)
  7 centaur warriors
  8 ogre magi
  27 dancing weapons
  10 alligators
  22 two-headed ogres
  A death yak (Lair:5)
  2 deep troll earth magi
  5 deep troll shamans
  A tengu warrior (Depths:1)
  A vampire mage (Depths:2)
  3 spriggan berserkers (Depths:2)
  A queen ant (shapeshifter) (Depths:3)
  Urug (Lair:5)
  3 thrashing horrors
  20 deep elf knights
  3 large abominations (Abyss:2)
  A wretched star (Abyss:3)
  A spriggan (Depths:2)
  A shadow wraith (Vaults:1)
  A sixfirhy (Abyss:2)
  A fire crab (Lair:6)
  2 iron trolls (Depths:1)
  4 unseen horrors
  A spriggan druid (Swamp:4)
  2 flayed ghosts
  5 wizards
  8 deep trolls
  2 shambling mangroves (Swamp:3)
  9 deep elf archers
  A glowing orange brain (Vaults:2)
  11 swamp dragons
  2 necromancers (D:13)
  A phantasmal warrior (D:13)
  7 ironbrand convokers
  29 wolf spiders
  A lindwurm (Lair:5)
  Pikel (D:5)
  7 orc knights
  16 orb spiders
  51 deep elf magi
  53 ugly things
  5 cyclopes
  3 manticores
  A manticore (shapeshifter) (Depths:3)
  11 black mambas
  A black mamba (shapeshifter) (Vaults:1)
  7 vault sentinels
  4 elephants
  3 molten gargoyles (Lair:6)
  Joseph (D:10)
  A torpor snail (Spider:3)
  11 spiny frogs
  2 gargoyles (D:14)
  10 komodo dragons
  3 centaur skeletons
  8 demonic crawlers
  A kobold demonologist (D:14)
  4 rime drakes
  A freezing wraith (D:14)
  2 tengu conjurers (Depths:1)
  33 yaktaurs
  An ice devil (Abyss:2)
  An ancient zyme (Abyss:3)
  7 tyrant leeches
  A merfolk (shapeshifter) (Vaults:2)
  4 trolls
  2 polar bears
  30 jumping spiders
  12 hornets
  11 blink frogs
  7 bog bodies
  3 raiju (Abyss:2)
  5 hippogriffs
  36 slime creatures
  3 flying skulls (Abyss:3)
  79 redbacks
  2 tarantellas (shapeshifter)
  2 air elementals
  A shadow (Swamp:3)
  9 wraiths
  32 yaks
  32 tarantellas
  A basilisk (Lair:6)
  21 humans
  Eustachio (D:5)
  9 wyverns
  7 water elementals
  5 fire elementals
  2 hungry ghosts
  A vampire (D:12)
  5 hogs
  A steam dragon (Lair:6)
  11 vampire mosquitoes
  2 small abominations
  A neqoxec (Abyss:3)
  3 wargs
  4 insubstantial wisps
  An acid dragon (shapeshifter) (Vaults:1)
  17 swamp worms
  A harpy simulacrum (Depths:3)
  9 water moccasins
  An acid dragon (Vaults:1)
  5 hell hounds (Lair:6)
  Edmund (D:5)
  Duvessa (D:6)
  10 swamp drakes
  12 porcupines
  3 ice beasts
  3 eyes of draining
  A phantom (D:4)
  2 black bears
  6 sky beasts
  45 orc warriors
  A slave (D:5)
  4 wolves (Lair:3)
  22 ogres
  A boggart (Depths:2)
  25 centaurs
  14 crocodiles
  4 big kobolds
  16 bullfrogs
  6 earth elementals
  A wyvern skeleton (D:15)
  Dowan (D:6)
  17 scorpions
  10 killer bees
  13 wights
  5 electric eels
  5 howler monkeys
  7 crimson imps
  5 lava snakes (Lair:6)
  A bullfrog zombie (D:12)
  A jelly (D:9)
  3 quasits
  5 centaur zombies
  3 starcursed masses (Abyss:3)
  4 hounds
  3 human zombies (Ossuary)
  A wyvern simulacrum (D:15)
  An iron imp (D:5)
  13 orc priests
  2 bullfrog skeletons
  12 worker ants
  7 iguanas
  18 orc wizards
  2 big kobold zombies (Ossuary)
  A hound zombie (D:10)
  2 mummies (Ossuary)
  A worker ant zombie (D:5)
  2 gnolls (D:7)
  A howler monkey skeleton (D:11)
  2 scorpion zombies (Ossuary)
  13 adders
  2 shadow imps
  A white imp (Abyss:3)
  An ufetubus (Abyss:3)
  An ooze (D:1)
  4 worms
  A dart slug (D:1)
  2 leopard geckos
  91 orcs
  7 giant cockroaches
  12 goblins
  9 hobgoblins
  9 jackals
  30 kobolds
  4 quokkas
  2 ball pythons
  4 bats
  4 frilled lizards
  2 gnoll zombies (Ossuary)
  A goblin zombie (Ossuary)
  2 hobgoblin zombies (Ossuary)
  2 jackal skeletons
  5 kobold zombies (Ossuary)
  An orc zombie (Ossuary)
  A quokka skeleton (D:7)
  2 quokka zombies
  2 rats
1582 creatures vanquished.

Vanquished Creatures (collateral kills)
  Sojobo (Depths:2)
  An orc knight (Orc:2)
  A bullfrog (D:7)
  2 orcs
  A quokka (D:5)
6 creatures vanquished.

Vanquished Creatures (others)
  A fire giant (Depths:3)
  A stone giant (Depths:2)
  A deep elf knight (Elf:1)
  An unseen horror (D:14)
  A deep elf mage (Elf:1)
  A water elemental (Elf:1)
  3 insubstantial wisps (Swamp:2)
  A slave (D:5)
  A howler monkey (D:5)
  A quasit (Abyss:2)
  A mummy (Ossuary)
  2 adders (D:5)
  An orc (D:5)
  22 fungi
  3 plants
  17 starspawn tentacles
  5 toadstools (Swamp:2)
63 creatures vanquished.

Grand Total: 1651 creatures vanquished

Notes
Turn   | Place    | Note
-------+----------+-------------------------------------------
     0 | D:1      | Gaball the Tengu Fire Elementalist began the quest for the Orb.
     0 | D:1      | Reached XP level 1. HP: 10/10 MP: 4/4
    59 | D:1      | Reached XP level 2. HP: 13/15 MP: 0/6
   175 | D:1      | Found a sparkling altar of Nemelex Xobeh.
   574 | D:1      | Reached XP level 3. HP: 19/19 MP: 3/7
   947 | D:2      | Learned a level 3 spell: Conjure Flame
  1254 | D:2      | Reached XP level 4. HP: 24/24 MP: 0/9
  1690 | D:2      | You fall through a shaft!
  1695 | D:3      | Noticed anything's ghost (amateur DgAs)
  2096 | D:2      | Found a burning altar of Makhleb.
  2098 | D:2      | Found a sacrificial altar of Ru.
  2098 | D:2      | Found a stormy altar of Qazlal.
  2217 | D:2      | Found a shimmering altar of Xom.
  2217 | D:2      | Found a shadowy altar of Dithmenos.
  2217 | D:2      | Found a hide-covered altar of Uskayaw.
  2446 | D:3      | Learned a level 1 spell: Summon Small Mammal
  2451 | D:3      | Learned a level 4 spell: Sticky Flame
  2486 | D:3      | Gained mutation: You can fly. [Tengu growth]
  2486 | D:3      | Reached XP level 5. HP: 22/28 MP: 2/10
  2688 | D:3      | Found a faded altar of an unknown god.
  2826 | D:3      | Reached skill level 1 in Summonings
  3108 | D:4      | Noticed a phantom
  3437 | D:4      | Killed a phantom
  3437 | D:4      | Reached skill level 5 in Fire Magic
  3437 | D:4      | Reached XP level 6. HP: 15/32 MP: 0/12
  3550 | D:4      | Found an iron altar of Okawaru.
  3588 | D:4      | Gained mutation: You are agile. (Dex +2) [potion of mutation]
  3588 | D:4      | Gained mutation: Potions are less effective at restoring your health. [potion of mutation]
  3588 | D:4      | Gained mutation: Potions are poor at restoring your health. [potion of mutation]
  3588 | D:4      | Gained mutation: You have a pair of small horns on your head. [potion of mutation]
  3642 | D:4      | Noticed Dirtsage's ghost (novice HOFi)
  4163 | D:4      | Reached XP level 7. HP: 36/36 MP: 5/13
  4218 | D:4      | Reached skill level 5 in Conjurations
  5296 | D:5      | Entered Level 5 of the Dungeon
  5301 | D:5      | Noticed Edmund
  5344 | D:5      | Killed Edmund
  5485 | D:5      | Found a sparkling altar of Nemelex Xobeh.
  5792 | D:5      | Reached XP level 8. HP: 41/41 MP: 10/15
  6051 | D:5      | Noticed Pikel
  6109 | D:5      | Killed Pikel
  6109 | D:5      | Reached skill level 5 in Spellcasting
  6201 | D:5      | Found an opulent altar of Gozag.
  6414 | D:5      | Found a bloodstained altar of Trog.
  6416 | D:5      | Noticed Eustachio
  6425 | D:5      | Killed Eustachio
  6889 | D:5      | Reached XP level 9. HP: 45/45 MP: 12/18
  6995 | D:5      | Found a staircase to the Ecumenical Temple.
  7557 | D:6      | Found a sand-covered staircase.
  7568 | Ossuary  | Entered an ossuary
  8403 | D:6      | Noticed Duvessa
  8404 | D:6      | Noticed Dowan
  8421 | D:6      | Killed Dowan
  8425 | D:6      | Killed Duvessa
  8713 | D:6      | Reached skill level 10 in Conjurations
  9133 | Temple   | Entered the Ecumenical Temple
  9141 | Temple   | Became a worshipper of Sif Muna the Loreminder
  9206 | D:7      | Learned a level 5 spell: Fireball
  9469 | D:7      | Reached XP level 10. HP: 50/50 MP: 15/23
  9610 | D:7      | Found a flagged portal.
  9637 | Bailey   | Entered a bailey
  9637 | Bailey   | Noticed an orc knight
  9814 | D:7      | Reached * piety under Sif Muna
  9874 | D:7      | Found a sacrificial altar of Ru.
  9923 | D:7      | Found a snail-covered altar of Cheibriados.
  9925 | D:7      | Found a basalt altar of Yredelemnul.
  9945 | D:7      | Found a sparkling altar of Nemelex Xobeh.
  9945 | D:7      | Found a radiant altar of Vehumet.
  9950 | D:7      | Found a blossoming altar of Fedhas.
 10329 | D:7      | Found a hide-covered altar of Uskayaw.
 10739 | D:8      | Found a roughly hewn altar of Beogh.
 11037 | D:8      | Found a staircase to the Lair.
 11039 | D:8      | Reached ** piety under Sif Muna
 11041 | D:8      | Paralysed by a hornet for 1 turns
 11114 | D:8      | Reached skill level 1 in Fighting
 11193 | D:8      | Noticed a two-headed ogre
 11205 | D:8      | Killed a two-headed ogre
 11205 | D:8      | Reached skill level 2 in Fighting
 11205 | D:8      | Reached skill level 10 in Spellcasting
 11495 | D:8      | Found an ornate altar of the Wu Jian Council.
 11879 | D:8      | Found an opulent altar of Gozag.
 12054 | D:9      | Reached skill level 3 in Fighting
 12390 | D:9      | Found Ycraoxul's Distillery.
 12394 | D:9      | Reached XP level 11. HP: 60/60 MP: 19/26
 12421 | D:9      | Bought a potion of heal wounds for 70 gold pieces
 12421 | D:9      | Bought a potion of lignification for 42 gold pieces
 12513 | D:9      | Reached skill level 4 in Fighting
 12513 | D:9      | Reached skill level 5 in Dodging
 12799 | D:9      | Found a staircase to the Orcish Mines.
 13755 | D:10     | Entered Level 10 of the Dungeon
 13795 | D:10     | Learned a level 3 spell: Dazzling Spray
 13800 | D:10     | Learned a level 4 spell: Iskenderun's Mystic Blast
 13812 | D:10     | Reached skill level 5 in Fighting
 14051 | D:10     | Noticed a two-headed ogre
 14068 | D:10     | Noticed Joseph
 14070 | D:10     | Killed a two-headed ogre
 14070 | D:10     | Reached *** piety under Sif Muna
 14203 | D:10     | Noticed Josephine
 14208 | D:10     | Killed Josephine
 14214 | D:10     | Reached skill level 6 in Fighting
 14410 | D:10     | Killed Joseph
 14712 | D:10     | Found an ancient bone altar of Kikubaaqudgha.
 14889 | D:10     | Noticed Erolcha
 14892 | D:10     | Killed Erolcha
 14892 | D:10     | Reached XP level 12. HP: 71/71 MP: 12/28
 15098 | Lair:1   | Entered Level 1 of the Lair of Beasts
 15184 | Lair:1   | Reached skill level 7 in Fighting
 15451 | Lair:1   | Got a translucent ring mail
 15462 | Lair:1   | Identified the +2 ring mail of Gallantry {rElec Int+2 Slay-4} (You found it on level 1 of the Lair of Beasts)
 15944 | Lair:2   | Noticed a four-headed hydra
 16115 | Lair:2   | Found a staircase to the Swamp.
 16489 | Lair:2   | Reached skill level 8 in Fighting
 17054 | Lair:2   | Killed a four-headed hydra
 17349 | Lair:3   | Noticed Snorg
 17356 | Lair:3   | Killed Snorg
 17356 | Lair:3   | Reached **** piety under Sif Muna
 17356 | Lair:3   | Reached skill level 1 in Armour
 17594 | Lair:3   | Reached skill level 10 in Dodging
 17762 | Lair:3   | Reached XP level 13. HP: 65/79 MP: 12/30
 17922 | Lair:3   | Found a hole to the Spider Nest.
 18192 | Lair:3   | Noticed Gastronok
 18200 | Lair:3   | Killed Gastronok
 18775 | Lair:4   | Reached skill level 5 in Armour
 19588 | Lair:4   | Got a transparent halberd
 19589 | Lair:4   | Identified the cursed +0 halberd of the Fool {venom, Int+2} (You found it on level 4 of the Lair of Beasts)
 20098 | Lair:5   | Noticed Urug
 20117 | Lair:5   | Killed Urug
 20286 | Lair:5   | Reached skill level 9 in Fighting
 21503 | Lair:6   | Entered Level 6 of the Lair of Beasts
 21503 | Lair:6   | Found a viscous altar of Jiyva.
 21503 | Lair:6   | Found a staircase to the Slime Pits.
 22657 | Lair:6   | Reached skill level 10 in Fighting
 23272 | Lair:6   | Found a large runed door.
 23272 | Lair:6   | Found a large runed door.
 23272 | Lair:6   | Noticed a fire dragon
 23436 | Lair:6   | Gained mutation: You can fly continuously. [Tengu growth]
 23436 | Lair:6   | Reached XP level 14. HP: 58/88 MP: 0/31
 24756 | Orc:1    | Entered Level 1 of the Orcish Mines
 24870 | Orc:2    | Entered Level 2 of the Orcish Mines
 24871 | Orc:2    | Found a staircase to the Elven Halls.
 24883 | Orc:2    | Reached skill level 1 in Invocations
 24937 | Orc:1    | Found Qelus's Weapon Boutique.
 25297 | Orc:2    | Noticed p0werm0de's ghost (journeyman OpEn)
 25297 | Orc:2    | Reached skill level 11 in Fighting
 25303 | Orc:2    | Killed p0werm0de's ghost
 26560 | Orc:2    | Found Gingadaq's Assorted Antiques.
 26561 | Orc:2    | Found Fuplu's Distillery.
 26561 | Orc:2    | Found Bihasino's Assorted Antiques.
 26564 | Orc:2    | Found Ojouhi's General Store.
 26568 | Orc:2    | Bought a potion of haste for 150 gold pieces
 26572 | Orc:2    | Bought a scroll labeled PAMADA ORON for 32 gold pieces
 26574 | Orc:2    | Bought a ripped robe for 153 gold pieces
 26585 | Orc:2    | Identified the +1 robe of Midwinter {rC+} (You bought it in a shop on level 2 of the Orcish Mines)
 27107 | Swamp:1  | Entered Level 1 of the Swamp
 27107 | Swamp:1  | Noticed a thorn hunter
 27116 | Lair:2   | Killed a thorn hunter
 27266 | Lair:2   | Learned a level 8 spell: Ignition
 27580 | Swamp:1  | Reached skill level 5 in Invocations
 28759 | Swamp:1  | Noticed a tentacled monstrosity
 29674 | Swamp:2  | Reached ***** piety under Sif Muna
 29674 | Swamp:2  | Received a gift from Sif Muna
 29783 | Swamp:2  | Noticed a thorn hunter
 29799 | Swamp:1  | Killed a thorn hunter
 30011 | Swamp:1  | Reached XP level 15. HP: 69/96 MP: 1/32
 30226 | Swamp:1  | Reached skill level 12 in Fighting
 31309 | Swamp:2  | Killed a tentacled monstrosity
 32213 | Swamp:4  | Entered Level 4 of the Swamp
 32968 | Swamp:3  | Reached skill level 10 in Fire Magic
 35897 | Swamp:4  | Reached skill level 13 in Fighting
 36284 | Swamp:4  | Reached skill level 15 in Dodging
 36702 | Swamp:4  | Noticed the 27-headed Lernaean hydra
 37961 | Swamp:4  | Reached XP level 16. HP: 72/104 MP: 17/33
 38594 | Swamp:4  | Got a decaying rune of Zot
 40002 | D:12     | Found Misethric's Antique Weapon Boutique.
 40224 | D:12     | Bought a bloodstained fustibalus for 600 gold pieces
 40224 | D:12     | Identified the +5 fustibalus "Efaz" {speed, rElec Int+3} (You bought it in a shop on level 12 of the Dungeon)
 40342 | D:12     | Noticed Rupert
 40510 | D:12     | Noticed Nessos
 40515 | D:12     | Killed Nessos
 40566 | D:12     | Noticed Harold
 41072 | D:12     | Found Jixec's Jewellery Emporium.
 41080 | D:12     | Reached skill level 1 in Slings
 41399 | D:12     | Killed Harold
 41713 | D:12     | Found Ysiotyod's Magic Scroll Boutique.
 41796 | D:12     | Bought a scroll of teleportation for 36 gold pieces
 41796 | D:12     | Bought a scroll of summoning for 114 gold pieces
 41796 | D:12     | Bought a scroll of teleportation for 36 gold pieces
 41820 | D:12     | Found Dieguv's Assorted Antiques.
 41883 | D:12     | Paralysed by Rupert for 5 turns
 42000 | D:12     | Found Lidwijisk's Armour Shop.
 42031 | D:12     | Paralysed by Rupert for 5 turns
 42038 | D:12     | Killed Rupert
 42337 | D:13     | Found a white marble altar of Elyvilon.
 43713 | D:13     | Found a gate to the Vaults.
 44143 | Vaults:1 | Entered Level 1 of the Vaults
 44242 | D:9      | Bought a potion of experience for 700 gold pieces
 44246 | D:9      | Reached XP level 17. HP: 110/110 MP: 35/35
 44377 | Spider:1 | Entered Level 1 of the Spider Nest
 44696 | Spider:1 | Received a gift from Sif Muna
 47281 | Spider:1 | Reached XP level 18. HP: 107/116 MP: 26/37
 48409 | Spider:2 | Noticed Asterion
 48556 | Spider:2 | Learned a level 3 spell: Mephitic Cloud
 49355 | Spider:2 | Reached skill level 1 in Air Magic
 49422 | Spider:2 | Killed Asterion
 50791 | Spider:3 | Identified Sif Muna's Further Progress in Thaumaturgy (Sif Muna gifted it to you on level 3 of the Spider Nest)
 50791 | Spider:3 | Received a gift from Sif Muna
 50803 | Spider:3 | Reached skill level 10 in Slings
 51671 | Spider:4 | Entered Level 4 of the Spider Nest
 52615 | Spider:4 | Reached skill level 15 in Spellcasting
 53029 | Spider:4 | Noticed Alarkh's ghost (adept GrEE)
 53265 | Spider:4 | Got a pitted amber ring
 54381 | Spider:3 | Identified the ring of Refuridd {Int+4 Slay+5} (You found it on level 4 of the Spider Nest)
 55031 | Spider:4 | Got a gossamer rune of Zot
 55541 | D:13     | Found a stormy altar of Qazlal.
 57027 | D:14     | Found Wuiten's Gadget Boutique.
 57207 | D:14     | Reached XP level 19. HP: 102/120 MP: 39/39
 57439 | D:15     | Entered Level 15 of the Dungeon
 57444 | D:15     | Found a staircase to the Depths.
 57778 | D:15     | Found Soabej's Assorted Antiques.
 57785 | D:15     | Bought a potion of heal wounds for 105 gold pieces
 57934 | D:15     | Found Ugaptinu's Gadget Emporium.
 58241 | D:15     | Found Bahidoz's Antique Armour Boutique.
 58289 | D:15     | Found Sisosico's General Store.
 59804 | Vaults:1 | Received a gift from Sif Muna
 60528 | Vaults:1 | Learned a level 6 spell: Bolt of Fire
 61047 | Vaults:1 | Got a slimy scale mail
 61058 | Vaults:1 | Identified the +2 scale mail of Subjectivity {Dex+3} (You found it on level 1 of the Vaults)
 61967 | Vaults:1 | Found Sucleclu's Antique Weapon Emporium.
 62221 | Vaults:2 | Learned a level 5 spell: Iskenderun's Battlesphere
 62269 | Vaults:2 | HP: 2/120 [yaktaur captain/arbalest (23)]
 62597 | Vaults:2 | Reached skill level 1 in Charms
 62597 | Vaults:2 | Reached XP level 20. HP: 126/126 MP: 30/41
 64691 | Vaults:2 | Received a gift from Sif Muna
 66293 | Vaults:2 | Reached skill level 14 in Fighting
 66424 | Vaults:2 | Noticed a lich
 66428 | Vaults:2 | Killed a lich
 66620 | Vaults:2 | Found a staircase to the Crypt.
 67046 | Depths:1 | Entered Level 1 of the Depths
 67349 | Depths:1 | Paralysed by something for 3 turns
 68068 | Depths:1 | Found a gateway to Hell.
 68074 | Depths:1 | Reached skill level 10 in Invocations
 68940 | Depths:2 | Noticed Mara
 69194 | Depths:2 | Reached XP level 21. HP: 132/132 MP: 21/42
 69562 | Elf:1    | Entered Level 1 of the Elven Halls
 69990 | Elf:1    | Reached skill level 1 in Shields
 70740 | Elf:1    | Reached skill level 15 in Fighting
 72715 | Elf:2    | Found a runed gate.
 72715 | Elf:2    | Found a runed gate.
 72715 | Elf:2    | Found a runed gate.
 72925 | Elf:2    | Lost mutation: You have a pair of small horns on your head. [potion of mutation]
 72925 | Elf:2    | Lost mutation: You are agile. (Dex +2) [potion of mutation]
 72925 | Elf:2    | Lost mutation: Potions are poor at restoring your health. [potion of mutation]
 72925 | Elf:2    | Gained mutation: Scrolls take you a little longer to read. [potion of mutation]
 72925 | Elf:2    | Gained mutation: You passively map a small area around you. [potion of mutation]
 72926 | Elf:2    | Lost mutation: Scrolls take you a little longer to read. [potion of mutation]
 72926 | Elf:2    | Lost mutation: Potions are less effective at restoring your health. [potion of mutation]
 72926 | Elf:2    | Gained mutation: Your mind is acute. (Int +2) [potion of mutation]
 72926 | Elf:2    | Gained mutation: You are frail. (-10% HP) [potion of mutation]
 72926 | Elf:2    | Gained mutation: You are partially covered in slimy green scales. (AC +2) [potion of mutation]
 73218 | Elf:2    | Reached skill level 10 in Armour
 73890 | Elf:3    | Entered Level 3 of the Elven Halls
 73959 | Elf:3    | Noticed Blackbelt's ghost (adept FoFi)
 73960 | Elf:3    | Noticed Nikola
 73995 | Elf:3    | Killed Blackbelt's ghost
 73998 | Elf:3    | Killed Nikola
 74206 | Elf:3    | Got a slimy robe
 74217 | Elf:3    | Identified the +0 robe "Tuifiw" {rCorr} (You found it on level 3 of the Elven Halls)
 74722 | Elf:3    | Found a radiant altar of Vehumet.
 75249 | Elf:3    | Cast into level 3 of the Abyss (a deep elf demonologist)
 75328 | Abyss:3  | Found a corrupted altar of Lugonu.
 75575 | Elf:3    | Escaped the Abyss
 75739 | Elf:3    | Cast into level 2 of the Abyss (a deep elf sorcerer)
 76017 | Abyss:2  | Reached XP level 22. HP: 97/112 MP: 29/43
 76560 | Abyss:3  | Gained mutation: Scrolls take you a little longer to read. [a neqoxec]
 76607 | Elf:3    | Escaped the Abyss
 77037 | Elf:2    | Lost mutation: You are frail. (-10% HP) [potion of mutation]
 77037 | Elf:2    | Lost mutation: Scrolls take you a little longer to read. [potion of mutation]
 77037 | Elf:2    | Lost mutation: Your mind is acute. (Int +2) [potion of mutation]
 77037 | Elf:2    | Gained mutation: You are clumsy. (Dex -2) [potion of mutation]
 77037 | Elf:2    | Gained mutation: Your magical capacity is low. (-10% MP) [potion of mutation]
 77037 | Elf:2    | Lost mutation: You are clumsy. (Dex -2) [potion of mutation]
 77045 | Elf:3    | Reached skill level 16 in Fighting
 78138 | Elf:3    | Got a glittering copper ring
 78140 | Elf:3    | Identified the ring of Goff {rC++ EV+3 Str+6 Dex+3} (You found it on level 3 of the Elven Halls)
 78156 | Elf:3    | Learned a level 8 spell: Controlled Blink
 78219 | Elf:3    | Identified a scroll of acquirement
 78571 | Depths:1 | Noticed Gaball's illusion
 78572 | Depths:1 | Killed Mara
 79117 | Depths:2 | Found Qirereel's Antique Armour Shoppe.
 80092 | Depths:2 | Reached skill level 17 in Fighting
 81081 | Depths:2 | Noticed a golden dragon
 81467 | Depths:2 | Found a deep blue altar of Sif Muna.
 82127 | Depths:2 | Noticed a golden dragon
 82139 | Depths:2 | Reached XP level 23. HP: 120/150 MP: 24/40
 84002 | Depths:2 | Killed a golden dragon
 84181 | Depths:2 | Got a faintly humming buckler
 84192 | Depths:2 | Identified the +1 buckler of the Shrike {rF+ rN+ MR++} (You acquired it on level 2 of the Depths)
 84225 | Depths:2 | Killed a golden dragon
 84225 | Depths:2 | Reached skill level 18 in Fighting
 86100 | Depths:3 | Noticed Sojobo
 86118 | Depths:2 | Killed Sojobo
 86359 | Depths:2 | Shot with an arrow by a deep elf master archer

Vault maps used:
D:1:      dpeg_arrival_line_fractal, nemelex_xobeh_ov_fountains_minmay
D:2:      doesnt_xom_only_xom
D:3:      chequers_ecumenical_altar_simple, minmay_misc_feat_doors
D:4:      kennysheep_mini, first_ration, kennysheep_small_square
D:5:      lemuel_doored_altar, nicolae_overflow_crystal_walls,
          minmay_temple_entry_statues_fountains, nemelex_lonely_heart_becter,
          uniq_pikel, uniq_edmund, uniq_eustachio
D:6:      enter_ossuary_2, st_stairs_3, uniq_duvessa
D:7:      kennysheep_little_box, lemuel_round_altar,
          nicolae_overflow_hidden_temple, lightli_bailey_entry_fortress
D:8:      overflow_temple_1_default, lair_entry_dummy, special_room,
          nicolae_gozag_seed_capital
D:9:      david_orc_1_choice, serial_shops,
          nicolae_shop_temple_entry_statues_fountains, grunt_livestock,
          roderic_malta_cross
D:10:     serial_curves, eino_curves_02, eino_curves_02, basic_altar,
          uniq_joseph, uniq_josephine, uniq_erolcha
D:12:     serial_shops, shop, nicolae_shop_behind_doors,
          nicolae_shop_statue_plus, shop, shop_statue, uniq_nessos, uniq_rupert,
          uniq_harold
D:13:     grunt_vaults_entry_tiered, basic_altar, minmay_misc_feat_x,
          nicolae_qazlal_eye_of_the_storm
D:14:     cheibrodos_fzero, minmay_door_square, serial_shops,
          nicolae_shop_waterfront
D:15:     grunt_enter_depths_giant_problem, nicolae_sextant, serial_shops,
          nicolae_shop_waterfront, nicolae_shop_statue_plus, nicolae_shop_stone,
          nicolae_shop_behind_doors
Temple:   eino_temple_lava
Lair:1:   nicolae_volcano_entry_lava_flow, grunt_megastairs_4
Lair:2:   minmay_swamp_entry_reptiles, dpeg_stationary_puzzle
Lair:3:   spider_nest_entry_a, uniq_gastronok, uniq_snorg
Lair:5:   serial_bayou_pond_b, hangedman_lair_generics_rect,
          serial_bayou_shore_a, uniq_urug
Lair:6:   cheibrodos_lair_end_hotspot, slime_altar_1, lemuel_fruit_tree,
          uniq_kirke
Swamp:1:  serial_swamp_ruin, evilmike_swamp_ruin_house_5,
          hangedman_swamp_ruin_wall, swamp_pool2
Swamp:2:  cheibrodos_swamp_tower_of_moss, evilmike_swamp_ruin_house_1
Swamp:3:  evilmike_swamp_ruin_rubble_1, hangedman_swamp_pad
Swamp:4:  swamp_old_school, swamp_pool1
Spider:2: hangedman_stitches_earthworm, uniq_asterion
Spider:4: grunt_spider_rune_circles
Orc:1:    serial_shops, shop
Orc:2:    st_orc_rangers
Elf:1:    minmay_elf_arrival_circle, minivault_28
Elf:2:    spider_trap
Elf:3:    minmay_elf_hall_dome, basic_altar, uniq_nikola
Vaults:1: vaults_standard_mumra_x, ontoclasm_vaults_ring_square, st_eye,
          ontoclasm_vaults_bender, hangedman_vaults_maws,
          nicolae_vaults_network_square, vaults_mumra_lcd, v_misc_33,
          ontoclasm_vaults_tryst, nicolae_vaults_mini_display_case, v_misc_32,
          ontoclasm_vaults_ligature, vaults_dpeg_hooks,
          nicolae_vaults_little_squares_4, serial_shops, nicolae_shop_crystal
Vaults:2: minmay_crypt_entry_nasty_monster, v_alt_pattern_4,
          nicolae_vaults_little_squares_6, vaults_room_guarded_vault,
          nicolae_vaults_border_crossing, vaults_room_hallway
Depths:1: hell_entry, hex_intersection, serial_corexii_hall,
          corexii_hall_statues_l, corexii_hall_statues_u,
          corexii_hall_statues_t, minmay_misc_feat_rugged,
          nicolae_lava_and_water, grunt_ministairs_8, hangedman_decor_lopped,
          lemuel_old_faithful
Depths:2: angbandy_vault, hell_entry, lemuel_statue_altar, serial_shops,
          nicolae_shop_temple_entry_statues_fountains,
          infiniplex_staircase_pillars_3a, serial_bayou_shore_b, uniq_mara
Depths:3: hangedman_crystal_crosses_colossus, pan_entry, hell_entry,
          serial_shops, uniq_sojobo, uniq_boris
Ossuary:  ossuary_minmay_scorpions
Bailey:   bailey_polearm_4, bailey

Skill      XL: |  1  2  3  4  5  6  7  8  9 10 11 12 13 14 15 16 17 18 19 20 21 22 23 |
---------------+----------------------------------------------------------------------+-----
Conjurations   | 2 3 4 5 7 10 11 12 | 12.4
Fire Magic     | 4 5 6 7 8 9 10 12 | 12.0
Spellcasting   | 3 4 5 8 10 11 12 13 14 15 16 | 16.8
Summonings     | 2 4 |  4.0
Fighting       | 3 6 8 10 11 13 14 15 17 18 | 18.8
Dodging        | 4 7 10 12 13 15 | 15.9
Armour         | 3 5 8 11 14 | 14.6
Invocations    | 6 9 10 13 | 13.4
Slings         | 7 9 12 14 | 14.0
Air Magic      | 4 |  4.2
Charms         | 1 4 |  4.0
Shields        | 4 |  4.0
Stealth        | |  2.0
Unarmed Combat | |  0.3

Action                   |  1- 3 |  4- 6 |  7- 9 | 10-12 | 13-15 | 16-18 | 19-21 | 22-24 || total
-------------------------+-------+-------+-------+-------+-------+-------+-------+-------++-------
Melee: Unarmed           |    22 |     1 |    86 |       |       |       |       |       ||   109
       Kick              |     7 |       |    16 |    10 |     8 |     4 |       |       ||    45
       Peck              |     2 |     1 |    18 |     4 |     3 |       |     2 |       ||    30
       Headbutt          |       |       |    14 |     2 |     9 |     2 |       |       ||    27
       Whip              |       |       |     7 |    35 |       |       |       |       ||    42
       Halberd           |       |       |       |       |    36 |     9 |       |       ||    45
       Fustibalus        |       |       |       |       |       |     3 |     2 |       ||     5
 Fire: Fustibalus        |       |       |       |       |       |   476 |  1052 |   241 ||  1769
 Cast: Flame Tongue      |    57 |   146 |   274 |   540 |   458 |   312 |    24 |    13 ||  1824
       Conjure Flame     |     1 |     3 |    17 |    39 |    19 |    38 |    37 |     7 ||   161
       Summon Small Mamm |       |    11 |    25 |     1 |     5 |       |       |     1 ||    43
       Sticky Flame      |       |       |    10 |    50 |   139 |   152 |    86 |    11 ||   448
       Fireball          |       |       |       |    49 |   246 |   307 |   226 |    15 ||   843
       Iskenderun's Myst |       |       |       |       |   106 |   114 |   126 |    80 ||   426
       Dazzling Spray    |       |       |       |       |     3 |     4 |     1 |     1 ||     9
       Mephitic Cloud    |       |       |       |       |       |     2 |     3 |     3 ||     8
       Iskenderun's Batt |       |       |       |       |       |       |    23 |    27 ||    50
       Bolt of Fire      |       |       |       |       |       |       |   229 |   216 ||   445
Invok: Divine Energy     |       |       |       |     3 |    19 |    14 |     4 |       ||    40
       Stop Divine Energ |       |       |       |     3 |    19 |    14 |     4 |       ||    40
       Channel Magic     |       |       |       |       |     2 |    17 |    32 |    12 ||    63
 Abil: Fly               |       |       |       |       |     1 |       |       |       ||     1
Evoke: Wand              |       |       |     1 |     1 |    11 |    14 |     7 |     2 ||    36
       Lightning rod     |       |       |       |       |       |       |       |     4 ||     4
  Use: Potion            |       |     4 |       |       |     6 |    16 |    16 |     4 ||    46
       Scroll            |       |       |     4 |     9 |    17 |    14 |    25 |    20 ||    89
 Stab: Sleeping          |       |       |     1 |       |       |       |       |       ||     1
       Distracted        |       |       |     1 |       |       |       |       |       ||     1
  Eat: Chunk             |     2 |     6 |    12 |    24 |    24 |    34 |    42 |    14 ||   158
       Ration            |       |     1 |     2 |     3 |    15 |     9 |     6 |     7 ||    43
Armor: Robe              |     5 |     8 |    20 |       |       |       |       |     9 ||    42
       Leather armour    |       |       |    13 |    45 |       |       |       |       ||    58
       Ring mail         |       |       |       |    31 |   175 |   135 |    65 |    13 ||   419
       Skin              |       |       |       |       |     4 |       |     6 |       ||    10
Dodge: Dodged            |    34 |    38 |    92 |   173 |   575 |  1021 |   620 |   225 ||  2778
       Deflected         |       |       |       |       |       |    11 |    61 |       ||    72
Block: Buckler           |       |       |       |       |       |       |    80 |    60 ||   140
       Reflection        |       |       |       |       |       |       |     3 |     5 ||     8

Table legend:
 A = Spawn XP
 B = Non-spawn XP
 C = Spawn XP percentage of total XP
 D = Spawn monster count
 E = Non-spawn monster count
 F = Spawn count percentage of total count
 G = Total turns spent on level
                    A         B        C        D         E        F      G
               +---------+---------+-------+---------+---------+-------+---------
         Total |    6093 |  705523 |   0.9 |      17 |    1576 |   1.1 | 86359
               +---------+---------+-------+---------+---------+-------+---------
           D:1 |       0 |      47 |   0.0 |       0 |      23 |   0.0 |   909
           D:2 |       0 |      93 |   0.0 |       0 |      17 |   0.0 |  1836
           D:3 |       0 |     117 |   0.0 |       0 |      19 |   0.0 |  1149
           D:4 |       0 |     711 |   0.0 |       0 |      18 |   0.0 |  1402
           D:5 |       0 |    1395 |   0.0 |       0 |      20 |   0.0 |  1829
           D:6 |       0 |     927 |   0.0 |       0 |      22 |   0.0 |  1227
           D:7 |       0 |    1384 |   0.0 |       0 |      35 |   0.0 |  1254
           D:8 |       0 |    2839 |   0.0 |       0 |      52 |   0.0 |  2050
           D:9 |       0 |    3731 |   0.0 |       0 |      44 |   0.0 |  1662
          D:10 |       0 |    6804 |   0.0 |       0 |      34 |   0.0 |  1470
          D:11 |       0 |    4204 |   0.0 |       0 |      20 |   0.0 |   717
          D:12 |       0 |   14364 |   0.0 |       0 |      46 |   0.0 |  2857
          D:13 |       0 |   16090 |   0.0 |       0 |      61 |   0.0 |  3085
          D:14 |       0 |   11322 |   0.0 |       0 |      33 |   0.0 |  1264
          D:15 |       0 |   13354 |   0.0 |       0 |      34 |   0.0 |  1667
        Lair:1 |       0 |    3308 |   0.0 |       0 |      20 |   0.0 |  1094
        Lair:2 |       0 |    8897 |   0.0 |       0 |      30 |   0.0 |  2223
        Lair:3 |       0 |   12914 |   0.0 |       0 |      38 |   0.0 |  1910
        Lair:4 |       0 |    2355 |   0.0 |       0 |      11 |   0.0 |  1293
        Lair:5 |       0 |    5719 |   0.0 |       0 |      18 |   0.0 |  2139
        Lair:6 |       0 |   13060 |   0.0 |       0 |      46 |   0.0 |  2537
       Swamp:1 |       0 |   15963 |   0.0 |       0 |      37 |   0.0 |  2714
       Swamp:2 |       0 |   12495 |   0.0 |       0 |      22 |   0.0 |  1745
       Swamp:3 |       0 |   15597 |   0.0 |       0 |      37 |   0.0 |  4478
       Swamp:4 |       0 |   17339 |   0.0 |       0 |      29 |   0.0 |  2126
      Spider:1 |       0 |   19307 |   0.0 |       0 |      61 |   0.0 |  3288
      Spider:2 |       0 |   23086 |   0.0 |       0 |      56 |   0.0 |  3313
      Spider:3 |       0 |   12459 |   0.0 |       0 |      23 |   0.0 |  1911
      Spider:4 |       0 |   28537 |   0.0 |       0 |      68 |   0.0 |  1968
         Orc:1 |       0 |     268 |   0.0 |       0 |       3 |   0.0 |  1160
         Orc:2 |       0 |    8409 |   0.0 |       0 |      57 |   0.0 |  1273
         Elf:1 |       0 |   34002 |   0.0 |       0 |      53 |   0.0 |  2076
         Elf:2 |       0 |   37694 |   0.0 |       0 |      49 |   0.0 |  2426
         Elf:3 |       0 |   47575 |   0.0 |       0 |      37 |   0.0 |  2973
      Vaults:1 |       0 |   66080 |   0.0 |       0 |     112 |   0.0 |  4801
      Vaults:2 |       0 |   61848 |   0.0 |       0 |      83 |   0.0 |  2960
      Depths:1 |       0 |   41560 |   0.0 |       0 |      44 |   0.0 |  3422
      Depths:2 |       0 |   94920 |   0.0 |       0 |      92 |   0.0 |  4903
      Depths:3 |       0 |   35454 |   0.0 |       0 |      26 |   0.0 |  1208
       Abyss:2 |    2163 |    4410 |  32.9 |       7 |       6 |  53.8 |   592
       Abyss:3 |    3930 |    3607 |  52.1 |      10 |       7 |  58.8 |   602
       Ossuary |       0 |    1023 |   0.0 |       0 |      31 |   0.0 |   822
        Bailey |       0 |     255 |   0.0 |       0 |       2 |   0.0 |     7
               +---------+---------+-------+---------+---------+-------+---------
